 Dungeon Crawl Stone Soup version 0.22-a0-605-g9281fa2 (webtiles) character file.

86 Mamutox the Skirmisher (level 4, -4/41 HPs)
             Began as a Minotaur Monk on July 8, 2018.
             Slain by a gnoll
             ... wielding a +0 spear
              (5 damage)
             ... on level 3 of the Dungeon.
             The game lasted 00:04:18 (1712 turns).

Mamutox the Skirmisher (Minotaur Monk)              Turns: 1712, Time: 00:04:18

Health: -4/41      AC:  2    Str: 16    XL:     4   Next: 26%
Magic:  3/3        EV: 13    Int:  7    God:
Gold:   100        SH:  0    Dex: 13    Spells: 3/3 levels left

rFire    . . .     SeeInvis .   a - +0 hand axe
rCold    . . .     Gourm    .   (no shield)
rNeg     . . .     Faith    .   b - +0 robe
rPois    .         Spirit   .   (helmet restricted)
rElec    .         Reflect  .   (no cloak)
rCorr    .         Harm     .   (no gloves)
MR       .....                  (no boots)
Stlth    ++........             (no amulet)
HPRegen  0.13/turn              (no ring)
MPRegen  0.08/turn              (no ring)

@: no status effects
A: retaliatory headbutt, horns 2
a: no special abilities


You were on level 3 of the Dungeon.
You were hungry.

You visited 1 branch of the dungeon, and saw 3 of its levels.

You collected 100 gold pieces.

Inventory:

Hand Weapons
 a - a +0 hand axe (weapon)
 d - a cursed -2 short sword
Armour
 b - a +0 robe (worn)
 k - a +0 chain mail
Scrolls
 h - a scroll of immolation {unknown}
 i - a scroll of remove curse {unknown}
Potions
 e - a potion of curing {unknown}
 g - a potion of haste {unknown}
Comestibles
 c - 4 rations


   Skills:
 - Level 4.6 Fighting
 - Level 4.6 Axes
 + Level 1.9 Armour
 - Level 3.5 Dodging
 - Level 1.7 Stealth


You had 3 spell levels left.
You didn't know any spells.
Your spell library was empty.

Dungeon Overview and Level Annotations

Branches:
Dungeon (3/15)

Altars:
Sif Muna
Yredelemnul
The Shining One


Innate Abilities, Weirdness & Mutations

You reflexively headbutt those who attack you in melee.
You have a pair of horns on your head.


Message History

The gnoll barely misses you. The gnoll hits you but does no damage.
The kobold shouts!
You hit the gnoll but do no damage.
The gnoll is almost dead.
You closely miss the gnoll. The gnoll hits you with a spear.
* * * LOW HITPOINT WARNING * * *
The gnoll completely misses you.
You barely miss the gnoll.
The gnoll is almost dead.
You barely miss the gnoll.
A giant cockroach comes into view.
The gnoll hits you with a spear.
* * * LOW HITPOINT WARNING * * *
The gnoll hits you with a club.
* * * LOW HITPOINT WARNING * * *
Okay, then.
As you read the scroll labeled MUWINE SIUSUN, it crumbles to dust.
You feel aware of your surroundings.
You sensed 1 altar.
It was a scroll of magic mapping.
The gnoll hits you with a spear.
You die...

********##### **********
*,,,,,,,,...## *,,,,,,,,*
*,*******#!$.# *,#*****,* *,*
###...###.###***,* *,*
####............,,,,* *,*
#...............,,,,* *,*
*,*#....<..#,**,**,,*
*,###$####...#.#.**,**,,**
*,.....Kg@........,,,,<,,,
*,###.#.g##..#...#*****,,, *,*
*,#..*#..#...# *,,, *,*
*,#.s*#......# ***,,,
*,***,#..,...##..#***,,,,,
********,,,,,...,....*,..,,,,,,,*
,,,,,,,,,***.#.#*,....,,,,,,,,,,*
,*,*****,* *...*,,,,,,,,,,,,,,,,*
,*,* *,* ***,**,,,,,******,**,*


You could see 2 gnolls, a giant cockroach and a kobold.

Vanquished Creatures
  A gnoll (D:3)
  2 adders (D:2)
  A worm (D:2)
  2 dart slugs (D:2)
  2 leopard geckos
  5 bats
  2 giant cockroaches
  10 goblins
  3 hobgoblins
  3 jackals (D:2)
  6 kobolds
  A quokka (D:2)
  3 frilled lizards (D:1)
  7 rats
48 creatures vanquished.

Notes
Turn   | Place    | Note
-------+----------+-------------------------------------------
     0 | D:1      | Mamutox the Minotaur Monk began the quest for the Orb.
     0 | D:1      | Reached XP level 1. HP: 19/19 MP: 0/0
    58 | D:1      | Reached XP level 2. HP: 27/27 MP: 1/1
   696 | D:2      | Found a deep blue altar of Sif Muna.
   703 | D:2      | Reached XP level 3. HP: 17/33 MP: 2/2
  1453 | D:2      | Found a glowing golden altar of the Shining One.
  1472 | D:2      | Found a basalt altar of Yredelemnul.
  1474 | D:2      | Noticed a profane servitor
  1475 | D:2      | Reached XP level 4. HP: 41/41 MP: 3/3
  1539 | D:2      | Reached skill level 1 in Armour
  1641 | D:2      | Noticed an angel
  1711 | D:3      | HP: 1/41 [gnoll/club (4)]
  1712 | D:3      | Slain by a gnoll

Vault maps used:
D:1:      minmay_arrival_stone_box, serial_bayou_lagoon_a
D:2:      grunt_temple_overflow_holy_war, lemuel_round_altar, first_ration
D:3:      old_standard_altar

Skill      XL: |  1  2  3  4 |
---------------+-------------+-----
Axes           | 4 |  4.6
Fighting       | 4 |  4.6
Armour         | 1 |  1.9
Dodging        | |  3.5
Stealth        | |  1.7

Action                   |  1- 3 |  4- 6 || total
-------------------------+-------+-------++-------
Melee: Hand axe          |    91 |    24 ||   115
       Headbutt          |     5 |     6 ||    11
  Use: Scroll            |       |     1 ||     1
 Stab: Sleeping          |     2 |       ||     2
  Eat: Chunk             |     2 |       ||     2
Armor: Robe              |    13 |     5 ||    18
Dodge: Dodged            |    82 |    21 ||   103

Table legend:
 A = Spawn XP
 B = Non-spawn XP
 C = Spawn XP percentage of total XP
 D = Spawn monster count
 E = Non-spawn monster count
 F = Spawn count percentage of total count
 G = Total turns spent on level
                    A         B        C        D         E        F      G
               +---------+---------+-------+---------+---------+-------+---------
         Total |       0 |     123 |   0.0 |       0 |      48 |   0.0 |  1712
               +---------+---------+-------+---------+---------+-------+---------
           D:1 |       0 |      35 |   0.0 |       0 |      23 |   0.0 |   565
           D:2 |       0 |      71 |   0.0 |       0 |      23 |   0.0 |  1132
           D:3 |       0 |      17 |   0.0 |       0 |       2 |   0.0 |    15
               +---------+---------+-------+---------+---------+-------+---------
